 Dungeon Crawl Stone Soup version 0.31-a0-128-g25add195a6 (webtiles) character file.

Game seed: 8951350163412572868

114 Pimp the Insei (level 4, -7/30 HPs)
             Began as an Octopode Transmuter on June 1, 2023.
             Mangled by a gnoll
             ... wielding a +0 halberd
              (12 damage)
             ... on level 2 of the Dungeon.
             The game lasted 00:04:39 (1518 turns).

Pimp the Insei (Octopode Transmuter)                Turns: 1518, Time: 00:04:40

Health: -7/30      AC:  1    Str:  9    XL:     4   Next: 97%
Magic:  6/7        EV: 14    Int: 15    God:
Gold:   54         SH:  0    Dex: 14    Spells: 6/7 levels left

rFire   . .          .
                       - Unarmed
rCold   . . .        (no shield)
rNeg    . . .        (helmet currently unavailable)
rPois   .            c - amulet of the acrobat
rElec   .            (no ring)
rCorr   .            (no ring)
SInv    .            (no ring)
Will    .....        (no ring)
Stlth   ++           (no ring)
HPRegen 0.25/turn    (no ring)
MPRegen 0.10/turn    (no ring)
                     (no ring)

%: acrobat
@: appendages
A: tentacle spike 3, almost no armour, amphibious, 8 rings, camouflage 1,
gelatinous body 1, (nimble swimmer 1), tentacles
a: End Transformation


You were on level 2 of the Dungeon.
One of your tentacles had grown a beastly spike.
You visited 1 branch of the dungeon, and saw 2 of its levels.

You collected 54 gold pieces.

Inventory:

Jewellery
 c - an amulet of the acrobat (around mantle)
 e - a +6 ring of dexterity
Potions
 a - a potion of lignification
 b - a potion of curing


   Skills:
 + Level 2.5 Fighting
 + Level 3.1 Dodging
 + Level 3.8 Unarmed Combat
 - Level 2.2 Spellcasting
 - Level 2.3 Transmutations


You had 6 spell levels left.
You knew the following spells:

 Your Spells              Type           Power      Damage    Failure   Level
a - Beastly Appendage     Tmut           16%        N/A       9%          1

Your spell library contained the following spells:

 Spells                   Type           Power      Damage    Failure   Level
 Wereblood                Tmut           8%         N/A       13%         2
 Spider Form              Tmut/Pois      5%         N/A       38%         3
 Ice Form                 Ice/Tmut       5%         N/A       80%         4


Dungeon Overview and Level Annotations

Branches:
Dungeon (2/15)

Altars:


Innate Abilities, Weirdness & Mutations

One of your tentacles has grown a beastly spike.
You cannot wear most types of armour.
You are amphibious.
You can wear up to eight rings at the same time.
Your skin changes colour to match your surroundings (Stealth+).
Your rubbery body absorbs attacks. (AC +1, EV +1)
((You are camouflaged when in or above water. (Stealth+)))
You have tentacles for arms and can constrict up to eight enemies at once.


Message History

You start resting.
A ball python comes into view.
There is a stone staircase leading down here.
You start resting.
HP restored.
Found an escape hatch in the floor.
A ball python is nearby!
One of your tentacles grows a vicious spike.
The ball python hisses angrily.
Your transformation is almost over.
You barely miss the ball python. Your grab misses the ball python.
The ball python misses you. x2
You tentacle-slap the ball python.
You kill the ball python!
No target in view!
No target in view!
Magic restored.
Your tentacle spike disappears.
One of your tentacles grows a vicious spike.
The gnoll shouts!
The gnoll hits you with a +0 halberd!
Ouch! That really hurt!
You are too injured to fight recklessly!
You are too injured to fight recklessly!
You are too injured to fight recklessly!
You are too injured to fight recklessly!
You are too injured to fight recklessly!
You tentacle-slap the gnoll. Your grab misses the gnoll.
The gnoll is moderately wounded.
You tentacle-slap the gnoll. You grab the gnoll.
You pierce the gnoll.
The gnoll is almost dead.
You constrict the gnoll, but do no damage.
The gnoll hits you with a +0 halberd!
* * * LOW HITPOINT WARNING * * *
You tentacle-slap the gnoll but do no damage.
You pierce the gnoll, but do no damage.
The gnoll is almost dead.
You constrict the gnoll, but do no damage.
The gnoll hits you with a +0 halberd!
You die...

### #########.# ....g...).#
#########.##################
........#...g.......g..g...#
###########.##################.#
................@g.............#
############.##########........#
.................... +........#
##....######.##########........#
).....# ###'#...g.g...........#
##....# #.....#######.#+####..##
#....# #.........# #.#.# #....
##....####......##.#
#.#.####...#
..#+#...........##.#
#.#.#..#....


You could see a gnoll.

Vanquished Creatures
  Natasha (D:2)
  3 gnolls (D:2)
  An adder (D:2)
  A worm (D:2)
  A dart slug (D:1)
  4 bats (D:1)
  4 endoplasms
  3 giant cockroaches (D:1)
  A goblin (D:1)
  6 hobgoblins
  5 kobolds (D:1)
  8 ball pythons
  3 frilled lizards (D:1)
  3 rats
44 creatures vanquished.

Notes
Turn   | Place    | Note
-------+----------+-------------------------------------------
     0 | D:1      | Pimp the Octopode Transmuter began the quest for the Orb.
     0 | D:1      | Reached XP level 1. HP: 13/13 MP: 3/3
   102 | D:1      | Reached XP level 2. HP: 14/18 MP: 3/5
   504 | D:1      | Reached XP level 3. HP: 23/23 MP: 4/6
  1238 | D:2      | Noticed Natasha
  1245 | D:2      | Killed Natasha
  1246 | D:2      | Reached XP level 4. HP: 29/29 MP: 5/7
  1518 | D:2      | Mangled by a gnoll

Illustrated notes

Levels and vault maps discovered:
D:1:      dpeg_arrival_refuge, layout_basic, minmay_pentomino_x4
D:2:      layout_basic, nicolae_figureground_sparkle, uniq_natasha, uniq_robin

Skill      XL: |  1  2  3  4 |
---------------+-------------+-----
Fighting       | 2 |  2.5
Dodging        | 3 |  3.1
Unarmed Combat | |  3.8
Spellcasting   | |  2.2
Transmutations | |  2.3

Action                     |  1- 3 |  4- 6 || total
---------------------------+-------+-------++-------
  Melee: Unarmed           |    78 |    18 ||    96
         Constrict         |    25 |     3 ||    28
         Tentacles         |    16 |     3 ||    19
         Kick              |    30 |     9 ||    39
         Punch             |     2 |       ||     2
   Cast: Beastly Appendage |    33 |     5 ||    38
    Use: Potion            |     2 |       ||     2
         Scroll            |     1 |       ||     1
   Stab: Sleeping          |     8 |       ||     8
 Armour: Skin              |     4 |       ||     4
  Dodge: Dodged            |    82 |    11 ||    93

Table legend: (Time is in decaauts)
 A = Elapsed time spent in this place.
 B = Non-inter-level travel time spent in this place.
 C = Inter-level travel time spent in this place.
 D = Time resting spent in this place.
 E = Time spent auto-exploring this place.
 F = Levels seen in this place.
 G = Mean time per level.
                   A        B        C        D        E       F      G
               +--------+--------+--------+--------+--------+-----+--------+
         Total |   1511 |   1490 |     21 |    118 |    978 |   2 |  755.5 |
       Dungeon |   1511 |   1490 |     21 |    118 |    978 |   2 |  755.5 |
               +--------+--------+--------+--------+--------+-----+--------+

Top non-repeatable levels by time:
     D:1: 1055 daAuts
     D:2: 456 daAuts
